 Dungeon Crawl Stone Soup version 0.17-a0-18-gc25b939 (webtiles) character file.

40 JacquesDerrida the Caller (level 3, -15/24 HPs)
             Began as a Merfolk Summoner on Mar 8, 2015.
             Killed from afar by Ijyb (16 damage)
             ... with a wand of lightning
             ... on level 4 of the Dungeon.
             The game lasted 00:05:07 (827 turns).

JacquesDerrida the Caller (Merfolk Summoner)         Turns: 827, Time: 00:05:09

Health: -15/24     AC:  2    Str:  8    XL:     3   Next: 50%
Magic:  6/6        EV: 13    Int: 15    God:
Gold:   75         SH:  0    Dex: 14    Spells: 3 memorised, 0 levels left

rFire  . . .     SeeInvis .     m - -2 trident (curse)
rCold  . . .     Clarity  .     a - +0 robe
rNeg   . . .     SustAb   .     (no shield)
rPois  .         Gourm    .     (no helmet)
rElec  .         Spirit   .     (no cloak)
rCorr  .         Warding  .     (no gloves)
rMut   .         Stasis   .     (no boots)
MR     .....                    (no amulet)
Stlth  ++........               (no ring)
                                (no ring)

@: not resistant to hostile enchantments, unstealthy
A: change form in water, swift swim
a: no special abilities


You were on level 4 of the Dungeon.
You were not hungry.

You visited 1 branch of the dungeon, and saw 4 of its levels.

You collected 75 gold pieces.

Inventory:

Hand weapons
 f - a +0 short sword
 m - a cursed -2 trident (weapon)
Armour
 a - a +0 robe (worn)
Scrolls
 e - a scroll of identify {unknown}
 g - a scroll of random uselessness {unknown}
 h - a scroll of enchant armour {unknown}
Potions
 i - a potion of brilliance {unknown}
 j - a potion of curing {unknown}
 k - a potion of agility {unknown}
Books
 b - a book of Callings

   Spells                             Type                      Level
   a - Summon Small Mammal            Summoning                    1
   b - Call Imp                       Summoning                    2
   c - Call Canine Familiar           Summoning                    3
   d - Summon Guardian Golem          Hexes/Summoning              4
   e - Summon Lightning Spire         Summoning/Air                4
   f - Summon Ice Beast               Ice/Summoning                4
Comestibles
 c - 3 bread rations
 d - 4 chunks of flesh
 l - a beef jerky


   Skills:
 + Level 0.0 Polearms
 - Level 2.6 Dodging
 - Level 2.1 Stealth
 - Level 2.0 Spellcasting
 + Level 5.2 Summonings


You couldn't memorise any spells.
You knew the following spells:

 Your Spells              Type           Power        Failure   Level  Hunger
a - Summon Small Mammal   Summ           ###.         2%          1    #......
b - Call Imp              Summ           ###.....     4%          2    ###....
c - Call Canine Familiar  Summ           ###.....     10%         3    ###....


Dungeon Overview and Level Annotations

Branches:
Dungeon (4/15)
 Temple: D:4-7

Altars:
Fedhas

Annotations:
D:3 Elizilla's ghost, average FoFi
D:4 Ijyb


Message History

A goblin comes into view. It is wielding a club.
There is a stone staircase leading down here.
You see here a stone.
The goblin shouts!
The kobold throws a stone.
The stone closely misses you.
You climb downwards.
There is a stone staircase leading up here.
An orc comes into view. It is wielding a dagger.
The orc shouts!
You hear a shout!
You hear a shout!
An orc and an ogre come into view.
Ijyb the Twisted Goblin comes into view.
He is wielding an enchanted club.
Ijyb shouts!
The orc hits you with a dagger.
Ijyb zaps a wand.
The bolt of lightning hits the orc.
The orc dies!
The bolt of lightning hits you!
* * * LOW HITPOINT WARNING * * *
The bolt of lightning hits you!
Ouch! That really hurt!
You die...

.#.# ##<.# #... #...# .
... ##.#.## ... ###..#
#).#.<# .... #..$.#
#.###†##### ....o #...#
#.......... ...O...#..#
#.......... #g.).#
#.......... #......##@#
#.......... .....
#..######.......... ....
##.#....<...........
..........####.#........)
.........####.#.........
....##.#......##########
...#..###..### #
#........## ##.........##


You could see Ijyb, an ogre and an orc.

Vanquished Creatures
  A giant cockroach (D:1)
1 creature vanquished.

Vanquished Creatures (collateral kills)
  A worker ant (D:4)
  An adder (D:2)
  An adder skeleton (D:4)
  A giant cockroach (D:4)
  6 hobgoblins
  2 quokkas (D:2)
  A ball python (D:3)
  2 bats
  2 giant geckos
  5 giant newts
  A goblin (D:1)
  6 kobolds
  3 rats
32 creatures vanquished.

Vanquished Creatures (others)
  An orc (D:4)
  A bat (D:1)
  5 rats
7 creatures vanquished.

Grand Total: 40 creatures vanquished

Notes
Turn   | Place    | Note
--------------------------------------------------------------
     0 | D:1      | JacquesDerrida, the Merfolk Summoner, began the quest for the Orb.
     0 | D:1      | Reached XP level 1. HP: 13/13 MP: 3/3
   239 | D:2      | Reached XP level 2. HP: 19/19 MP: 0/4
   271 | D:1      | Learned a level 2 spell: Call Imp
   658 | D:2      | Found a blossoming altar of Fedhas.
   677 | D:3      | Noticed Elizilla's ghost (average FoFi)
   704 | D:4      | Reached XP level 3. HP: 10/24 MP: 0/6
   709 | D:4      | Reached skill level 5 in Summonings
   714 | D:4      | Learned a level 3 spell: Call Canine Familiar
   825 | D:4      | Noticed an ogre
   826 | D:4      | Noticed Ijyb
   827 | D:4      | HP: 1/24 [Ijyb/wand of lightning (11)]
   827 | D:4      | Killed from afar by Ijyb

Action                   || total
-------------------------++-------
Melee: Unarmed           ||    17
       Trident           ||     2
 Cast: Summon Small Mamm ||    19
       Call Imp          ||    15
       Call Canine Famil ||     1
  Eat: Chunk             ||     1
